 Dungeon Crawl Stone Soup version 0.32-a0-163-g159c032296 (webtiles) character file.

Game seed: 11914572963452013762

3858 IEatYoBabies the Thaumaturge (level 10, 59/59 HPs)
             Began as an Octopode Alchemist on Nov 18, 2023.
             Was a Believer of Hepliaklqana.
             Quit the game on level 7 of the Dungeon on Feb 11, 2024.
             The game lasted 00:46:22 (8230 turns).

IEatYoBabies the Thaumaturge (Octopode Alchemist)   Turns: 8230, Time: 00:46:23

Health: 59/59      AC:  1    Str: 14    XL:     10   Next: 18%
Magic:  22/22      EV: 15    Int: 21    God:    Hepliaklqana [**....]
Gold:   277        SH:  0    Dex: 13    Spells: 16/26 levels left

rFire   . . .        G - +1 spear (venom)
rCold   . . .        (no shield)
rNeg    . . .        (helmet currently unavailable)
rPois   .            (no amulet)
rElec   .            b - +6 ring of strength
rCorr   .            p - +4 ring of slaying
SInv    .            (no ring)
Will    .....        (no ring)
Stlth   +++          (no ring)
HPRegen 0.29/turn    (no ring)
MPRegen 0.18/turn    (no ring)
                     (no ring)

%: no passive effects
@: beast-form
A: beast (slay +0), reduced essence, almost no armour, amphibious, 8 rings,
camouflage 1, gelatinous body 1, (nimble swimmer 1), tentacles
a: Begin Untransformation, Renounce Religion, Recall Ancestor, Ancestor Identity


You were on level 7 of the Dungeon.
You worshipped Hepliaklqana.
Hepliaklqana was pleased with you.
You were a hulking beast.
You visited 2 branches of the dungeon, and saw 8 of its levels.
You also visited: Sewer.

You collected 277 gold pieces.

Inventory:

Hand Weapons
 c - a +0 mace
 n - a +0 spear
 G - a +1 spear of venom (weapon)
Missiles
 e - 94 stones
 k - 4 throwing nets
 z - 20 poisoned darts (quivered)
Armour
 M - an orb of guile
Jewellery
 b - a +6 ring of strength (left tentacle)
 l - an amulet of guardian spirit
 p - a +4 ring of slaying (right tentacle)
 C - a ring of wizardry
 E - a ring of flight
 H - a +4 ring of protection
Talismans
 f - a beast talisman (active)
Wands
 y - a wand of flame (71)
 N - a wand of paralysis (6)
 O - a wand of polymorph (6)
Scrolls
 d - 4 scrolls of noise
 g - a scroll of blinking {unknown}
 h - 7 scrolls of enchant weapon
 i - a scroll of silence
 m - 2 scrolls of poison {unknown}
 o - 4 scrolls of teleportation
 q - a scroll of amnesia {unknown}
 r - 3 scrolls of vulnerability
 s - 2 scrolls of identify
 w - 3 scrolls of immolation {unknown}
 x - 4 scrolls of fear {unknown}
 A - a scroll of fog {unknown}
 D - a scroll of enchant armour {unknown}
 J - 3 scrolls of acquirement {unknown}
Potions
 a - 3 potions of magic
 j - a potion of invisibility
 t - 2 potions of brilliance
 u - a potion of enlightenment {unknown}
 v - 2 potions of mutation {unknown}
 B - 2 potions of degeneration
 F - a potion of berserk rage {unknown}
 I - a potion of cancellation {unknown}
 K - 2 potions of heal wounds {unknown}
 L - a potion of curing


   Skills:
 * Level 5.1 Fighting
 + Level 1.5 Maces & Flails
 + Level 1.6 Polearms
 + Level 1.1 Throwing
 * Level 5.5 Dodging
 + Level 4.1 Stealth
 * Level 8.9 Spellcasting
 + Level 0.1 Conjurations
 - Level 3.0 Air Magic
 - Level 7.0 Alchemy
 + Level 1.2 Evocations
 + Level 1.5 Shapeshifting


You had 16 spell levels left.
You knew the following spells:

 Your Spells              Type           Power      Damage    Failure   Level
a - Sting                 Conj/Alch      96%        1d9       1%          1
b - Mercury Vapours       Alch/Air       60%        N/A       1%          2
c - Mephitic Cloud        Conj/Alch/Air  23%        N/A       5%          3
d - Olgreb's Toxic Radia  Alch           39%        N/A       4%          4

Your spell library contained the following spells:

 Spells                   Type           Power      Damage    Failure   Level
 Summon Small Mammal      Summ           36%        N/A       8%          1
 Alistair's Intoxication  Alch           26%        N/A       11%         5
 Fulminant Prism          Conj/Alch      12%        3d8       17%         4
 Call Canine Familiar     Summ           9%         N/A       22%         3
 Volatile Blastmotes      Fire/Tloc      18%        2d11      22%         3
 Eringya's Noxious Bog    Alch           19%        4d6       52%         6
 Iskenderun's Mystic Bla  Conj/Tloc      9%         2d4       56%         4
 Summon Blazeheart Golem  Fire/Summ      9%         N/A       58%         4
 Borgnjor's Vile Clutch   Necr/Erth      4%         N/A       90%         5


Dungeon Overview and Level Annotations

Branches:
Dungeon (7/15)             Temple (1/1) D:4           Sewer (visited)

Altars:
Ashenzari
Dithmenos
Elyvilon
Fedhas
Gozag
Hepliaklqana
Kikubaaqudgha
Makhleb
Nemelex Xobeh
Okawaru
Qazlal
Sif Muna
Trog
Uskayaw
Vehumet
Wu Jian
Xom
Yredelemnul
The Shining One

Shops:
D:3 [(   D:4 *

Annotations:
D:5 exclusion: white imp


Innate Abilities, Weirdness & Mutations

You are a hulking beast.
Your limbs bulge with bestial killing power. (Slay +0)
Your life essence is reduced to manifest your ancestor. (-10% HP)
You cannot wear most types of armour.
You are amphibious.
You can wear up to eight rings at the same time.
Your skin changes colour to match your surroundings (Stealth+).
Your rubbery body absorbs attacks. (AC +1, EV +1)
((You are camouflaged when in or above water. (Stealth+)))
You have tentacles for arms and can constrict up to eight enemies at once.


Message History

You swap places.
Found a leather armour.
You open the door.
There is an open door here.
There is a stone staircase leading up here.
Found a stone staircase leading down.
You see here a +0 club.
Found a stone staircase leading up.
There is a stone staircase leading up here.
You now have 277 gold pieces (gained 13).
Found a robe.
Found a stone staircase leading up.
Found a stone staircase leading down.
s - 2 scrolls of identify (gained 1)
K - 2 bubbling amethyst potions (gained 1)
O - a wand of polymorph (6)
You swap places.
You open the door.
There is an open door here.
There is a stone staircase leading down here.
There is a stone staircase leading down here.
e - 94 stones (gained 4)
You swap places.
There is an open door here.
Found an escape hatch in the floor.
Done exploring.
Done exploring.
Things that are here:
a +0 dagger; a +0 leather armour
There is a stone staircase leading down here.
Search for what [Enter for "."]? .
Welcome back, IEatYoBabies the Octopode Venom Mage.
Hepliaklqana says: Your past becomes your present!
Press ? for a list of commands and other information.
Unknown background choice: Venom Mage Your Transmutations skill increases to level 3!
Training target 3.0 for Alchemy reached!
Welcome back, IEatYoBabies the Octopode Alchemist.
Hepliaklqana says: Your past becomes your present!
Press ? for a list of commands and other information.
Are you sure you want to abandon this character and quit the game? (Confirm with "yes".)

###############
#.............##########
#.###########.#h.......#
####
#.###########.#R####..###
#.R## #.......).<.#...#
###..# ###R.
###########.###.# #..###
#.R##
#.....######..######..
#####..#.#.....#.#....
#....#.#.....#.#....
#...#.#.....#†#.....
#...###.....###.....


You could see the friendly Esha the battlemage.

Vanquished Creatures
  Pikel (D:4)
  Jeremiah (D:7)
  2 yaks (D:7)
  A water moccasin (D:7)
  An orc warrior (D:6)
  3 black bears
  3 ogres
  A centaur (D:5)
  2 lemures (D:4)
  2 bullfrogs
  2 scorpions
  3 killer bees (D:7)
  2 gnoll boudas
  4 hounds
  A jelly (D:6)
  4 orc priests
  Terence (D:3)
  4 orc wizards
  9 gnolls
  7 adders
  A river rat (Sewer)
  2 shadow imps
  An ufetubus (D:6)
  4 ribbon worms
  5 dart slugs
  15 orcs
  5 ball pythons
  6 bats
  10 endoplasms
  3 giant cockroaches
  8 goblins
  10 hobgoblins
  4 jackals (D:2)
  3 quokkas
  7 frilled lizards
  11 kobolds
  8 rats
157 creatures vanquished.

Vanquished Creatures (collateral kills)
  A yak (D:7)
  A wyvern (D:7)
  A steam dragon (D:7)
  Menkaure (D:7)
  A bullfrog (D:7)
  A scorpion (D:7)
  A killer bee (D:7)
  A hound (D:5)
  2 iguanas
  A hell rat (Sewer)
  2 gnolls (D:5)
  2 river rats (Sewer)
  A giant cockroach (D:6)
  A quokka (D:6)
  4 rats
21 creatures vanquished.

Vanquished Creatures (others)
  An ancestor (D:6)
  A butterfly (D:6)
2 creatures vanquished.

Grand Total: 180 creatures vanquished

Notes
Turn   | Place    | Note
-------+----------+-------------------------------------------
     0 | D:1      | IEatYoBabies the Octopode Venom Mage began the quest for
                  | the Orb.
     0 | D:1      | Reached XP level 1. HP: 11/11 MP: 3/3
   357 | D:1      | Reached XP level 2. HP: 14/17 MP: 5/5
   740 | D:1      | Reached XP level 3. HP: 21/21 MP: 4/6
   793 | D:1      | Found a faded altar of an unknown god.
   799 | D:1      | Reached skill level 1 in Maces & Flails
   802 | D:1      | Learned a level 2 spell: Mercury Vapours
  1179 | D:2      | Reached XP level 4. HP: 23/27 MP: 0/7
  1646 | D:2      | Reached skill level 1 in Fighting
  1728 | D:2      | Reached XP level 5. HP: 12/33 MP: 4/9
  2036 | D:2      | Learned a level 3 spell: Mephitic Cloud
  2074 | D:3      | Reached skill level 3 in Spellcasting
  2321 | D:3      | Noticed Terence
  2341 | D:3      | Killed Terence
  2631 | D:3      | Reached XP level 6. HP: 39/39 MP: 7/11
  2636 | D:3      | Learned a level 4 spell: Olgreb's Toxic Radiance
  2664 | D:3      | Found Cepiapus's Antique Weapon Boutique.
  2886 | D:3      | Found Toarack's Armour Shop.
  3157 | D:4      | Found Ea-nāṣir's Fine Metal Goods.
  3203 | D:4      | Noticed a black bear
  3386 | D:4      | Found a staircase to the Ecumenical Temple.
  3396 | Temple   | Entered the Ecumenical Temple
  3402 | Temple   | Became a worshipper of Hepliaklqana the Forgotten
  3620 | D:4      | Reached skill level 5 in Alchemy
  4457 | D:4      | Killed a black bear
  4458 | D:4      | Reached skill level 1 in Air Magic
  4458 | D:4      | Reached XP level 7. HP: 34/45 MP: 5/12
  4536 | D:4      | Noticed Pikel
  4558 | D:4      | Killed Pikel
  4559 | D:4      | Reached skill level 4 in Spellcasting
  4559 | D:4      | Reached XP level 8. HP: 52/52 MP: 1/14
  5171 | D:5      | Entered Level 5 of the Dungeon
  5270 | D:5      | Reached skill level 5 in Spellcasting
  5502 | D:5      | Reached * piety under Hepliaklqana
  6059 | D:5      | Reached skill level 6 in Spellcasting
  6301 | D:6      | Reached XP level 9. HP: 49/52 MP: 2/18
  6438 | D:7      | Noticed Menkaure
  6494 | D:6      | Reached skill level 1 in Polearms
  6494 | D:6      | Reached skill level 1 in Throwing
  6494 | D:6      | Reached skill level 7 in Spellcasting
  6675 | D:6      | Found a white marble altar of Elyvilon.
  6690 | D:6      | Reached ** piety under Hepliaklqana
  6691 | D:6      | Remembered your ancestor Esha as a battlemage
  6830 | D:6      | Found a glowing drain.
  6840 | Sewer    | Entered a sewer
  7538 | D:7      | Killed Menkaure
  7547 | D:7      | Reached skill level 1 in Shapeshifting
  7547 | D:7      | Noticed Jeremiah
  7556 | D:7      | Killed Jeremiah
  7557 | D:7      | Reached skill level 5 in Dodging
  7557 | D:7      | Reached skill level 8 in Spellcasting
  7699 | D:7      | Reached skill level 1 in Evocations
  7699 | D:7      | Reached XP level 10. HP: 58/58 MP: 20/22
  7704 | D:7      | Reached skill level 5 in Fighting
  8230 | D:7      | Upgraded the game from 0.31-a0-986-g5e6e4ef867 to
                  | 0.31-a0-1074-g0b22e4e0f1
  8230 | D:7      | Upgraded the game from 0.31-a0-1074-g0b22e4e0f1 to
                  | 0.32-a0-163-g159c032296
  8230 | D:7      | Quit the game

Illustrated notes

Levels and vault maps discovered:
D:1:      dpeg_arrival_renting, layout_loops_ring,
          shapermc_ecumenical_altar_pompeii, minivault_23, minmay_tromino_mix6
D:2:      layout_basic, serial_bayou_pond_b
D:3:      layout_basic, serial_shops, nicolae_shop_pleasant_corner_grove,
          shop_statue, kennysheep_generic_room_14, uniq_terence
D:4:      corexii_shack_village, layout_rooms, minmay_temple_entry_hall,
          nicolae_ea-nasir_strikes_again, hangedman_decor_lopped, uniq_pikel
D:5:      layout_basic
D:6:      layout_loops_ring, nicolae_elyvilon_peaceful_grove,
          gup_sewer_entry_bubbles, minmay_circle_x
D:7:      layout_basic, nicolae_houndstooth_variations, uniq_jeremiah,
          uniq_menkaure
Temple:   nicolae_temple_no_exploring_needed

Skill      XL: |  1  2  3  4  5  6  7  8  9 10 |
---------------+-------------------------------+-----
Maces & Flails | 1 |  1.5
Stealth        | 3 4 |  4.1
Alchemy        | 4 5 6 7 |  7.0
Fighting       | 1 2 3 4 5 |  5.1
Spellcasting   | 3 4 6 8 |  8.9
Dodging        | 3 5 |  5.5
Air Magic      | 1 2 3 |  3.0
Transmutations | 2 3 |  0.0
Polearms       | 1 |  1.6
Throwing       | 1 |  1.1
Shapeshifting  | 1 |  1.5
Evocations     | 1 |  1.2
Conjurations   | |  0.1

Action                     |  1- 3 |  4- 6 |  7- 9 | 10-12 || total
---------------------------+-------+-------+-------+-------++-------
  Melee: Mace              |    62 |    21 |       |       ||    83
         Constrict         |    18 |    11 |     6 |       ||    35
         Tentacles         |    15 |     8 |     6 |       ||    29
         Punch             |     1 |       |       |       ||     1
         Spear             |       |    30 |    34 |     5 ||    69
  Throw: Stone             |     1 |       |       |       ||     1
         Dart              |       |       |    11 |       ||    11
   Cast: Sting             |    17 |    69 |    23 |       ||   109
         Mercury Vapours   |     3 |    72 |    41 |     3 ||   119
         Olgreb's Toxic Ra |       |       |    16 |     2 ||    18
         Mephitic Cloud    |       |       |     5 |       ||     5
 Invoke: Ancestor Identity |       |       |     1 |       ||     1
         Ancestor Life: Ba |       |       |     1 |       ||     1
  Evoke: Wand              |       |       |    11 |       ||    11
    Use: Scroll            |     4 |       |     5 |       ||     9
         Potion            |       |       |     1 |       ||     1
   Stab: Sleeping          |     5 |     2 |       |       ||     7
 Armour: Skin              |    36 |    43 |    17 |       ||    96
  Dodge: Dodged            |    49 |    54 |    18 |       ||   121
   Form: Beast             |     1 |       |       |       ||     1

Table legend: (Time is in decaauts)
 A = Elapsed time spent in this place.
 B = Non-inter-level travel time spent in this place.
 C = Inter-level travel time spent in this place.
 D = Time resting spent in this place.
 E = Time spent auto-exploring this place.
 F = Levels seen in this place.
 G = Mean time per level.
                   A        B        C        D        E       F      G
               +--------+--------+--------+--------+--------+-----+--------+
         Total |   8263 |   7969 |    294 |    940 |   5218 |   9 |  918.1 |
       Dungeon |   8095 |   7811 |    284 |    914 |   5139 |   7 | 1156.4 |
        Temple |     12 |      2 |     10 |      0 |      0 |   1 |   12.0 |
         Sewer |    155 |    155 |      0 |     26 |     79 |   1 |  155.0 |
               +--------+--------+--------+--------+--------+-----+--------+

Top non-repeatable levels by time:
     D:4: 1890 daAuts
     D:3: 1282 daAuts
     D:2: 1089 daAuts
     D:1: 1005 daAuts
     D:5: 972 daAuts
     D:7: 949 daAuts
     D:6: 904 daAuts
   Sewer: 155 daAuts
  Temple: 12 daAuts
